AoeStats
← 888

Nomad

510084544Analyzed
4v4 RM · 3d ago on Sep 29, 2026· 49m 3s· 8 players
Game mode
Random Map
Map size
231×231
Population
200
Speed
Normal
Resources
Standard
Victory
Conquest
Starting age
Dark Age
Ending age
Imperial Age
RankedLock teamsTeams togetherTeam positionsShared explorationLock speedFull tech treeHidden civsTurbo modeCheats
Victory
Defeat
🇫🇷 Persians · France
1262
+12
🇬🇷 Britons · Greece
1216
+14
🇦🇷 Lithuanians · Argentina
1122
+18
🇳🇱 Franks · Netherlands
1116
+18
🇨🇦 Persians · Canada
1198
-17
🇯🇵 Malians · Japan
1187
-16
🇲🇽 Japanese · Mexico
1181
-16
🇯🇵 Mongols · Japan
1110
-13
[ Wildpigs ] Mau
3:08 Loom
12:24 Feudal Age
12:59 Horse Collar
13:08 Double-Bit Axe
16:29 Fletching
20:39 Castle Age
21:57 Medium Warships
21:43 Bodkin Arrow
22:13 Pikeman
22:53 Squires
23:17 Scale Mail Armor
23:27 Forging
25:18 Chain Mail Armor
25:38 Iron Casting
25:22 Arson
36:24 Wheelbarrow
39:42 Hand Cart
44:09 Imperial Age
42:51 Thumb Ring
43:22 Iron Casting
45:13 Bracer
44:35 Heavy Cavalry Archer
45:41 Parthian Tactics
44:57 Halberdier
47:28 Ballistics
cupubangetz
5:29 Loom
14:49 Feudal Age
15:16 Double-Bit Axe
20:16 Castle Age
18:12 Horse Collar
19:15 Fletching
19:36 Fishing Lines
21:12 Bow Saw
21:27 Gold Mining
21:28 Stone Mining
21:28 Gold Mining
22:10 Stone Mining
22:02 Pikeman
22:42 Squires
26:29 Bodkin Arrow
29:08 Treadmill Crane
41:39 Town Watch
48:00 Scale Mail Armor
48:50 Forging
Sir Vivyn
5:08 Loom
16:39 Feudal Age
18:42 Wheelbarrow
17:58 Double-Bit Axe
22:37 Castle Age
25:40 Scale Barding Armor
28:36 Stone Mining
28:38 Gold Mining
29:01 Husbandry
32:02 Fishing Lines
33:19 Fletching
37:29 Pikeman
altanbileg
3:45 Loom
13:27 Feudal Age
19:44 Castle Age
19:42 Double-Bit Axe
19:41 Horse Collar
31:08 Fletching
31:55 Town Watch
33:05 Wheelbarrow
888
5:35 Loom
12:57 Feudal Age
13:55 Double-Bit Axe
14:39 Gold Mining
20:07 Castle Age
21:06 Wheelbarrow
20:37 Horse Collar
21:09 Bow Saw
26:38 Hand Cart
28:56 Bloodlines
42:01 Husbandry
42:08 Scale Barding Armor
42:14 Forging
43:58 Gold Shaft Mining
50:39 Imperial Age
48:42 Chain Barding Armor
48:57 Iron Casting
prsdntsdghtr
4:32 Loom
15:08 Feudal Age
19:58 Castle Age
19:04 Double-Bit Axe
24:22 Husbandry
24:09 Pikeman
25:25 Bow Saw
30:06 Gold Mining
31:48 Wheelbarrow
31:36 Town Watch
33:26 Gold Shaft Mining
36:23 Hand Cart
41:56 Fishing Lines
47:10 Imperial Age
45:09 Stone Mining
45:06 Town Watch
46:20 Gillnets
48:31 Conscription
LuchooOo
9:33 Loom
13:57 Feudal Age
14:58 Double-Bit Axe
17:12 Forging
19:20 Castle Age
17:33 Bloodlines
17:34 Scale Barding Armor
17:48 Town Watch
17:52 Horse Collar
18:55 Gold Mining
20:59 Wheelbarrow
21:08 Medium Warships
21:32 Husbandry
23:10 Bow Saw
24:04 Fishing Lines
25:00 Chain Barding Armor
25:43 Heavy Plow
29:48 Iron Casting
32:45 Fletching
34:20 Bodkin Arrow
38:31 Imperial Age
38:53 Cavalier
40:38 Plate Barding Armor
40:45 Conscription
41:35 Hand Cart
41:15 Stone Mining
43:01 Chemistry
43:14 Bracer
43:14 Padded Archer Armor
43:37 Ballistics
43:22 Paladin
47:11 Treadmill Crane
47:41 Masonry
nikos9730
3:50 Loom
15:30 Feudal Age
20:18 Castle Age
18:23 Gold Mining
18:21 Double-Bit Axe
19:19 Stone Mining
20:16 Fletching
23:44 Fishing Lines
27:46 Ballistics
37:53 Bodkin Arrow
46:15 Wheelbarrow
45:33 Gillnets
48:59 Padded Archer Armor
49:57 Hand Cart
Connection lost

Rejoining the realm…

Still unreachable

The connection could not be restored.

Session expired

The server has moved on; the page needs a fresh start.